 Dungeon Crawl Stone Soup version 0.30-a0-743-gbfdf073431 (webtiles) character file.

Game seed: 456984542358393601

18319 Newt the Markskobold (level 12, -3/68 HPs)
             Began as a Kobold Hunter on Feb 7, 2023.
             Was a Priest of Hepliaklqana.
             Slain by a wolf spider (13 damage)
             ... on level 1 of the Lair of Beasts.
             The game lasted 00:14:10 (12713 turns).

Newt the Markskobold (Kobold Hunter)               Turns: 12713, Time: 00:14:11

Health: -3/68      AC:  9    Str:  9    XL:     12   Next: 93%
Magic:  12/12      EV: 19    Int: 10    God:    Hepliaklqana [***...]
Gold:   803        SH:  0    Dex: 35    Spells: 11/11 levels left

rFire   . . .      SeeInvis .    t - +6 sling of the Keeping Gods {heavy, rElec}
rCold   . . .      Faith    .    (no shield)
rNeg    . . .      Spirit   .    K - +2 scale mail {Will+}
rPois   .          Reflect  .    (no helmet)
rElec   +          Harm     .    m - +0 cloak
rCorr   .          Rampage  .    (no gloves)
Will    +....                    (no boots)
Stlth   +++                      B - amulet of regeneration
HPRegen 1.11/turn                i - +6 ring of dexterity
MPRegen 0.13/turn                O - +6 ring of dexterity

@: studying Evocations
A: reduced essence, small, no large weapons, nightstalker 3
a: Renounce Religion, Recall Ancestor, Ancestor Identity, Transference


You were on level 1 of the Lair of Beasts.
You worshipped Hepliaklqana.
Hepliaklqana was most pleased with you.
You visited 3 branches of the dungeon, and saw 13 of its levels.

You collected 1020 gold pieces.
You spent 217 gold pieces at shops.

Inventory:

Hand Weapons
 a - a +1 shortbow
 t - the +6 sling of the Keeping Gods (weapon) {heavy, rElec}
   (You bought it in a shop on level 3 of the Dungeon)

   rElec:     It insulates you from electricity.
Missiles
 j - a throwing net
Armour
 c - a +0 leather armour
 m - a +0 cloak (worn)
 p - a +2 robe of willpower
 J - a +0 leather armour of fire resistance
 K - a +2 scale mail of willpower (worn)
Jewellery
 i - a +6 ring of dexterity (left hand)
 o - a ring of wizardry
 q - a +5 ring of evasion
 s - a +6 ring of intelligence
 B - an amulet of regeneration (around neck)
 D - a +5 ring of evasion
 F - a +6 ring of intelligence
 I - an amulet of magic regeneration
 O - a +6 ring of dexterity (right hand)
Wands
 d - a wand of flame (63)
 r - a wand of polymorph (13)
 u - a wand of acid (14)
Scrolls
 b - a scroll of immolation
 e - a scroll of poison
 h - a scroll of enchant weapon
 k - 6 scrolls of teleportation
 n - 3 scrolls of silence
 v - a scroll of magic mapping
 w - a scroll of identify
 y - 3 scrolls of noise
 H - 3 scrolls of blinking
 L - 2 scrolls of fog
Potions
 f - 2 potions of degeneration
 g - 2 potions of might
 l - 3 potions of mutation
 x - a potion of attraction
 z - 4 potions of cancellation
 A - 2 potions of lignification
 C - a potion of flight
 E - a potion of invisibility
 G - 2 potions of heal wounds
 M - 2 potions of curing
 N - 4 potions of brilliance


   Skills:
 - Level 9.0 Fighting
 + Level 19.0 Ranged Weapons
 - Level 10.0 Dodging
 - Level 1.3 Stealth
 - Level 14.0 Evocations


You had 11 spell levels left.
You didn't know any spells.
Your spell library contained the following spells:

 Spells                   Type           Power      Damage    Failure   Level
 Apportation              Tloc           0%         N/A       97%         1
 Sandblast                Erth           0%         2d4       97%         1
 Passwall                 Tmut/Erth      0%         N/A       99%         2
 Inner Flame              Hex/Fire       0%         N/A       100%        3
 Kindle Blastsparks       Fire/Tloc/Air  0%         2d10      100%        3
 Stone Arrow              Conj/Erth      0%         3d7       100%        3
 Animate Armour           Summ/Erth      0%         N/A       100%        4
 Flame Wave               Conj/Fire      0%         2d4       100%        4
 Fulminant Prism          Conj/Hex       0%         3d5       100%        4
 Iskenderun's Mystic Bla  Conj/Tloc      0%         2d3       100%        4
 Sticky Flame             Conj/Fire      0%         2d3       100%        4
 Alistair's Intoxication  Tmut/Pois      0%         N/A       100%        5
 Blade Hands              Tmut           0%         N/A       100%        5
 Lee's Rapid Deconstruct  Erth           0%         3d4*      100%        5
 Iron Shot                Conj/Erth      0%         9d1       100%        6


Dungeon Overview and Level Annotations

Branches:
Dungeon (11/15)            Temple (1/1) D:6            Lair (1/5) D:8
    Orc (0/2) D:11

Altars:
Ashenzari
Cheibriados
Dithmenos
Elyvilon
Fedhas
Gozag
Hepliaklqana
Kikubaaqudgha
Makhleb
Nemelex Xobeh
Okawaru
Qazlal
Ru
Sif Muna
Trog
Uskayaw
Vehumet
Wu Jian
Xom
Yredelemnul
Zin
The Shining One

Shops:
D:3 (   D:4 ?!


Innate Abilities, Weirdness & Mutations

Your life essence is reduced to manifest your ancestor. (-10% HP)
You are small and have problems with some larger weapons.
You are completely attuned to the shadows.


Message History

The yak gores you but does no damage.
Teicuih hits the yak with a +0 flail!
The yak dies!
You shoot a sling bullet. The sling bullet hits the yak!
The yak is heavily wounded.
The yak closely misses you.
You shoot a sling bullet. The sling bullet hits the yak!!
You kill the yak!
Your Ranged Weapons skill increases to level 19!
No target in view!
You see here a yak corpse. 2 wolves and 2 wolf spiders come into view. 2 wolves come into view.
The wolf spider's many legs skitter.
The wolf howls! x2
You shoot a sling bullet. The sling bullet hits the wolf!!
You kill the wolf!
The wolf spider closely misses you. x2
Teicuih hits the wolf spider with a +0 flail!
You shoot a sling bullet. The sling bullet hits the wolf spider!
The wolf spider is moderately wounded.
The wolf spider completely misses you.
The wolf spider bites you but does no damage.
Teicuih blocks the wolf's attack.
The wolf spider hits you!
The wolf spider bites you but does no damage.
The wolf spider barely misses you. The wolf spider misses you.
The wolf barely misses you.
Teicuih blocks the wolf's attack.
The wolf closely misses you.
Teicuih hits the wolf spider with a +0 flail!
The wolf spider hits you! The wolf spider closely misses you.
You shoot a sling bullet. The sling bullet hits the wolf spider!
The wolf spider is severely wounded.
The wolf completely misses you.
The wolf barely misses Teicuih.
The wolf spider closely misses you. The wolf spider completely misses you.
The wolf misses you. The wolf closely misses you.
Teicuih blocks the wolf's attack.
The wolf spider closely misses you. The wolf spider bites you!
The wolf spider hits you!
* * * LOW HITPOINT WARNING * * *
The wolf spider barely misses you. The wolf bites you but does no damage.
Teicuih hits the wolf spider with a +0 flail!
The wolf spider hits you!
You die...

,,,* *,~,,~~* ***** *,,,,,#.
,,,************************#####.
,,,,,,,,,,,,,,,,,,,,,,,,,,,......
,,,,,,,,,,,*,***,,,,,,,,,,,......
,,,,**,,*,,*##.**,*,,**,***#.....
,,,*****,***...#####***** *#...#
,,,*,****,,,.....#.####### #...#
,,,,,,,,,,,,...hh........####...#
,,,,,,,,,,,,...s@...............#
,,,,,,,,,,,,...sR........#.......
,,,*******,,...h.###...#.###....#
,,,,,*******....##*####### ##...#
*,,,,,,,****####*,*,,* #....
*,,,*,**,,,***,,,,,,,** *....
*,,,****,,,,,,,,,,,,,,* *,,,,
*,,,* *,,,,,,,,,,,,,,* *,,,,
*,,,****,,,,,,,,,,,,,** *,,,,


You could see the friendly Teicuih the knight, 2 wolf spiders and 3 wolves.

Vanquished Creatures
  Snorg (D:11)
  3 two-headed ogres
  Nergalle (D:11)
  Amaemon (D:9)
  Lodul (D:10)
  Pikel (D:5)
  A cyclops (D:11)
  Joseph (D:7)
  4 kobold demonologists
  A hornet (D:10)
  5 trolls
  Sigmund (D:3)
  5 wyverns
  7 yaks
  4 vampire mosquitoes (D:11)
  4 water moccasins
  4 black bears
  A sky beast (D:7)
  6 ogres
  7 centaurs
  3 wolves
  4 lemures
  4 phantoms
  4 kobold brigands
  8 bullfrogs
  2 necrophages
  4 gnoll sergeants
  3 scorpions
  11 wights
  15 killer bees
  2 howler monkeys
  2 hounds
  A lava snake (D:9)
  2 jellies
  7 orc priests
  3 iguanas
  Natasha (thrice) (D:3)
  7 orc wizards
  6 adders
  22 gnolls
  2 shadow imps
  A white imp (D:6)
  2 ufetubi
  3 worms (D:3)
  4 dart slugs
  35 orcs
  7 ball pythons
  8 endoplasms
  7 giant cockroaches
  12 goblins
  2 hobgoblins (D:4)
  8 jackals
  14 kobolds
  3 bats
  4 frilled lizards
  5 rats
  A spectral orc (D:6)
  A butterfly (D:6)
291 creatures vanquished.

Vanquished Creatures (collateral kills)
  Fannar (D:10)
  An orange demon (D:9)
  A troll (D:9)
  A wyvern (D:8)
  3 yaks
  An orc warrior (D:10)
  A centaur (D:10)
  2 ogres (D:10)
  A kobold brigand (D:9)
  2 wights (D:7)
  2 killer bees
  An orc priest (D:10)
  An orc wizard (D:10)
  An orc (D:10)
  A kobold (D:9)
20 creatures vanquished.

Vanquished Creatures (others)
  2 knights (D:11)
  2 ancestors
  2 fungi (D:8)
  14 plants (D:8)
20 creatures vanquished.

Grand Total: 331 creatures vanquished

Notes
Turn   | Place    | Note
-------+----------+-------------------------------------------
     0 | D:1      | Newt the Kobold Hunter began the quest for the Orb.
     0 | D:1      | Reached XP level 1. HP: 12/12 MP: 1/1
   143 | D:1      | Reached XP level 2. HP: 18/18 MP: 2/2
   845 | D:1      | Reached XP level 3. HP: 21/23 MP: 3/3
  1285 | D:2      | Reached XP level 4. HP: 30/30 MP: 4/4
  1924 | D:3      | Noticed Sigmund
  1929 | D:3      | Noticed Natasha
  1937 | D:3      | Killed Sigmund
  1938 | D:3      | Reached skill level 5 in Fighting
  1938 | D:3      | Reached skill level 7 in Ranged Weapons
  1938 | D:3      | Reached XP level 5. HP: 13/35 MP: 5/5
  1938 | D:3      | Reached XP level 6. HP: 15/40 MP: 6/6
  1942 | D:3      | Killed Natasha
  2332 | D:3      | Noticed Natasha
  2345 | D:3      | Killed Natasha
  2346 | D:3      | Reached skill level 8 in Ranged Weapons
  2520 | D:3      | Noticed Natasha
  2530 | D:3      | Killed Natasha
  2620 | D:3      | Reached XP level 7. HP: 44/44 MP: 7/7
  2723 | D:3      | Reached skill level 9 in Ranged Weapons
  2852 | D:3      | Found Kerrei's Antique Weapon Shoppe.
  3168 | D:4      | Found an iron altar of Okawaru.
  3524 | D:4      | Reached skill level 10 in Ranged Weapons
  3686 | D:4      | Found Metyog's Magic Scroll Shop.
  3723 | D:4      | Found Xuganeh's Distillery.
  3830 | D:4      | Found an ancient bone altar of Kikubaaqudgha.
  3972 | D:5      | Entered Level 5 of the Dungeon
  3990 | D:5      | Noticed Pikel
  4056 | D:3      | Bought a smoking sling for 169 gold pieces
  4056 | D:3      | Identified the +6 sling of the Keeping Gods {heavy, rElec}
                  | (You bought it in a shop on level 3 of the Dungeon)
  4653 | D:5      | Found a stormy altar of Qazlal.
  4729 | D:5      | Killed Pikel
  4730 | D:5      | Reached XP level 8. HP: 14/49 MP: 8/8
  5007 | D:5      | Reached skill level 5 in Evocations
  5073 | D:5      | Reached XP level 9. HP: 55/55 MP: 9/9
  5421 | D:4      | Bought a scroll of identify for 24 gold pieces
  5421 | D:4      | Bought a scroll of identify for 24 gold pieces
  5511 | D:6      | Found a hide-covered altar of Uskayaw.
  5526 | D:6      | Found a staircase to the Ecumenical Temple.
  5533 | Temple   | Entered the Ecumenical Temple
  5695 | Temple   | Became a worshipper of Hepliaklqana the Forgotten
  5845 | D:6      | Noticed a two-headed ogre
  5849 | D:6      | Killed a two-headed ogre
  6033 | D:6      | Found a glowing golden altar of the Shining One.
  6100 | D:6      | Found a basalt altar of Yredelemnul.
  6369 | D:7      | Reached skill level 11 in Ranged Weapons
  6638 | D:7      | Noticed Joseph
  6644 | D:7      | Killed Joseph
  6645 | D:7      | Reached skill level 12 in Ranged Weapons
  6645 | D:7      | Reached XP level 10. HP: 33/66 MP: 10/10
  6805 | D:6      | HP: 3/66 [wyvern (5)]
  6808 | D:6      | Reached skill level 13 in Ranged Weapons
  7503 | D:7      | Reached * piety under Hepliaklqana
  7527 | D:7      | Reached skill level 14 in Ranged Weapons
  7726 | D:7      | You fall into a shaft and drop 1 floor!
  7726 | D:8      | Found a sparkling altar of Nemelex Xobeh.
  7731 | D:8      | Found an opulent altar of Gozag.
  7754 | D:8      | Found a sacrificial altar of Ru.
  8043 | D:8      | Found a staircase to the Lair.
  8391 | D:8      | Reached XP level 11. HP: 63/63 MP: 11/11
  8508 | D:8      | Reached skill level 10 in Dodging
  8739 | D:7      | Found a burning altar of Makhleb.
  8943 | D:7      | Found a white marble altar of Elyvilon.
  9137 | D:7      | Identified a scroll of acquirement
  9137 | D:7      | Acquired a manual of Evocations
  9224 | D:9      | Found a snail-covered altar of Cheibriados.
  9292 | D:9      | Identified the +3 flail "Impbane" {protect, Str+7}
  9322 | D:9      | Reached skill level 15 in Ranged Weapons
  9412 | D:9      | Reached ** piety under Hepliaklqana
  9413 | D:9      | Remembered your ancestor Teicuih as a knight
  9516 | D:9      | Found a broken altar of Ashenzari.
  9723 | D:9      | Found an ornate altar of the Wu Jian Council.
  9790 | D:9      | Noticed Amaemon
  9802 | D:9      | Killed Amaemon
  9803 | D:9      | Reached skill level 16 in Ranged Weapons
 10195 | D:10     | Entered Level 10 of the Dungeon
 10343 | D:10     | Noticed Fannar
 10355 | D:10     | Killed Fannar
 10356 | D:10     | Reached skill level 17 in Ranged Weapons
 10587 | D:10     | Noticed a two-headed ogre
 10591 | D:10     | Killed a two-headed ogre
 10765 | D:10     | Noticed Lodul
 10774 | D:10     | Killed Lodul
 10775 | D:10     | Reached skill level 18 in Ranged Weapons
 10775 | D:10     | Reached XP level 12. HP: 68/68 MP: 12/12
 10845 | D:10     | Reached *** piety under Hepliaklqana
 11087 | D:10     | Noticed a two-headed ogre
 11090 | D:10     | Killed a two-headed ogre
 11091 | D:10     | Reached skill level 10 in Evocations
 11845 | D:11     | Noticed Snorg
 11855 | D:11     | Killed Snorg
 11972 | D:11     | Found a staircase to the Orcish Mines.
 12246 | D:11     | Noticed Nergalle
 12251 | D:11     | Killed Nergalle
 12673 | Lair:1   | Entered Level 1 of the Lair of Beasts
 12690 | Lair:1   | Reached skill level 19 in Ranged Weapons
 12713 | Lair:1   | Slain by a wolf spider

Illustrated notes

Levels and vault maps discovered:
D:1:      reono_arrival_mine, layout_basic, minmay_misc_feat_room
D:2:      layout_loops_ring
D:3:      layout_basic, serial_shops, shop, uniq_sigmund, uniq_natasha
D:4:      layout_cave_pools, kiku_gazebo_garden_becter, okawaru_trees_2,
          serial_shops, kennysheep_little_box, shop
D:5:      kennysheep_spiral_hall, layout_basic,
          nicolae_qazlal_scattered_showers, uniq_pikel
D:6:      layout_gridville, yredelemnul_forgotten_temple_becter,
          nicolae_uskayaw_suspiria, tso_oasis_becter,
          minmay_temple_entry_butterflies, grunt_ministairs_4
D:7:      layout_cave_pools, lightli_temple_of_fire,
          nicolae_overflow_hidden_temple, minivault_22, grunt_ministairs_15,
          uniq_joseph
D:8:      layout_basic, minmay_overflow_temple_star_quad,
          minmay_lair_entry_grove
D:9:      layout_long_grid, general_overflow_altar,
          ashenzari_conservatory_becter, mainiacjoe_overflow_small_starburst,
          nicolae_kite_square_tiling_tiny, uniq_amaemon
D:10:     layout_layer_cave, uniq_lodul, uniq_fannar
D:11:     layout_loops_ring, orc_0_dummy, uniq_snorg, uniq_nergalle
Temple:   nicolae_temple_godpark
Lair:1:   lemuel_reptile_caves, layout_small_grid,
          portal_ice_cave_entry_pillars_2, chequers_serial_rivers_room_a,
          nicolae_lair_run_with_the_wolves

Skill      XL: |  1  2  3  4  5  6  7  8  9 10 11 12 |
---------------+-------------------------------------+-----
Fighting       | 3 4 5 9 |  9.0
Ranged Weapons | 7 8 10 12 14 18 19 | 19.0
Dodging        | 6 9 10 | 10.0
Evocations     | 2 5 6 14 | 14.0
Stealth        | |  1.3

Action                     |  1- 3 |  4- 6 |  7- 9 | 10-12 || total
---------------------------+-------+-------+-------+-------++-------
   Fire: Shortbow          |    63 |    99 |    68 |       ||   230
         Sling             |       |       |   113 |   389 ||   502
  Throw: Throwing net      |       |       |       |     1 ||     1
 Invoke: Recall Ancestor   |       |       |       |     2 ||     2
         Ancestor Life: Kn |       |       |       |     1 ||     1
  Evoke: Wand              |       |     1 |     3 |     2 ||     6
    Use: Scroll            |     7 |     4 |     7 |     9 ||    27
         Potion            |       |     2 |     3 |     3 ||     8
 Armour: Leather armour    |     6 |     6 |    27 |     5 ||    44
         Scale mail        |       |       |       |    35 ||    35
  Dodge: Dodged            |    25 |    32 |   145 |   335 ||   537

Table legend: (Time is in decaauts)
 A = Elapsed time spent in this place.
 B = Non-inter-level travel time spent in this place.
 C = Inter-level travel time spent in this place.
 D = Time resting spent in this place.
 E = Time spent auto-exploring this place.
 F = Levels seen in this place.
 G = Mean time per level.
                   A        B        C        D        E       F      G
               +--------+--------+--------+--------+--------+-----+--------+
         Total |  12912 |  12226 |    686 |   2096 |   8622 |  13 |  993.2 |
       Dungeon |  12676 |  12018 |    658 |   2096 |   8468 |  11 | 1152.4 |
        Temple |    190 |    163 |     27 |      0 |    154 |   1 |  190.0 |
          Lair |     44 |     44 |      0 |      0 |      0 |   1 |   44.0 |
               +--------+--------+--------+--------+--------+-----+--------+

Top non-repeatable levels by time:
     D:3: 1486 daAuts
     D:6: 1450 daAuts
    D:10: 1443 daAuts
     D:4: 1401 daAuts
     D:7: 1191 daAuts
     D:9: 1122 daAuts
     D:1: 1073 daAuts
     D:8: 1032 daAuts
    D:11: 940 daAuts
     D:5: 812 daAuts
     D:2: 721 daAuts
  Temple: 190 daAuts
  Lair:1: 44 daAuts
